 Dungeon Crawl Stone Soup version 0.28-a0-793-g31680bbd8b (webtiles) character file.

Game seed: 4727050774844890738

350 kae the Caller (level 6, 0/32 HPs)
             Began as a Vine Stalker Summoner on Nov 4, 2021.
             Was an Initiate of Ashenzari.
             Slain by a gnoll sergeant (3 damage)
             ... on level 5 of the Dungeon.
             The game lasted 00:03:09 (4839 turns).

kae the Caller (Vine Stalker Summoner)              Turns: 4839, Time: 00:03:10

Health: 0/32       AC:  4    Str: 10    XL:     6   Next: 60%
Magic:  0/12       EV: 12    Int: 17    God:    Ashenzari [......]
Gold:   840        SH:  0    Dex: 15    Spells: 6/12 levels left

rFire   . . .      SeeInvis +   b - +1 whip
rCold   . . .      Faith    .   (no shield)
rNeg    . . .      Spirit   +   a - +0 robe
rPois   +          Reflect  .   l - +0 helmet
rElec   .          Harm     .   (no cloak)
rCorr   .          Rampage  .   (no gloves)
Will    .....                   j - +0 pair of boots
Stlth   ++........              (no amulet)
HPRegen 1.10/turn               n - ring of poison resistance
MPRegen 0.13/turn               r - ring of see invisible

@: no status effects
A: fangs 2, regeneration 1, magic shield, antimagic bite, no potion heal 2
a: Renounce Religion


You were on level 5 of the Dungeon.
You worshipped Ashenzari.
Ashenzari was noncommittal.
You visited 2 branches of the dungeon, and saw 6 of its levels.

You collected 972 gold pieces.
You spent 132 gold pieces at shops.

Inventory:

Hand Weapons
 b - a +1 whip (weapon)
Armour
 a - a +0 robe (worn)
 j - a +0 pair of boots (worn)
 l - a +0 helmet (worn)
Jewellery
 h - a ring of ice
 n - a ring of poison resistance (left hand)
 r - a ring of see invisible (right hand)
Scrolls
 f - 5 scrolls of identify
 k - a scroll of teleportation
Potions
 c - 2 potions of curing
 d - a potion of magic {unknown}
 e - a potion of might {unknown}
 i - a potion of mutation {unknown}
 o - 2 potions of lignification
 p - a potion of degeneration {unknown}
 q - a potion of invisibility


   Skills:
 + Level 2.7 Fighting
 - Level 1.5 Dodging
 - Level 2.4 Stealth
 + Level 3.8 Spellcasting
 * Level 6.1 Summonings


You had 6 spell levels left.
You knew the following spells:

 Your Spells              Type           Power      Damage    Failure   Level
a - Summon Small Mammal   Summ           96%        N/A       1%          1
b - Call Imp              Summ           24%        N/A       1%          2
c - Call Canine Familiar  Summ           24%        N/A       3%          3

Your spell library contained the following spells:

 Spells                   Type           Power      Damage    Failure   Level
 Summon Guardian Golem    Hex/Summ       13%        N/A       14%         3
 Animate Skeleton         Necr           6%         N/A       16%         1
 Pain                     Necr           12%        1d4       16%         1
 Summon Lightning Spire   Summ/Air       13%        N/A       41%         4
 Inner Flame              Hex/Fire       3%         N/A       43%         3
 Vampiric Draining        Necr           3%         2d6       43%         3
 Cause Fear               Hex            1%         N/A       85%         4
 Discord                  Hex            1%         N/A       100%        8


Dungeon Overview and Level Annotations

Branches:
Dungeon (5/15)             Temple (1/1) D:4

Altars:
Ashenzari
Cheibriados
Dithmenos
Elyvilon
Fedhas
Gozag
Kikubaaqudgha
Makhleb
Nemelex Xobeh
Okawaru
Qazlal
Ru
Sif Muna
Trog
Uskayaw
Vehumet
Wu Jian
Xom
Yredelemnul
Zin
The Shining One

Shops:
D:1 (   D:4 !


Innate Abilities, Weirdness & Mutations

You have extremely sharp teeth.
Your natural rate of healing is unusually fast.
When hurt, damage is shared between your health and your magic reserves.
Your bite disrupts and absorbs the magic of your enemies.
Potions cannot restore your health.


Message History

A gnoll sergeant is nearby!
Casting: Call Imp (safe; 1% risk of failure)
Confirm with . or Enter, or press ? or * to list all spells.
A beastly little devil appears in a puff of flame.
Your crimson imp blinks!
Casting: Call Imp (safe; 1% risk of failure)
Confirm with . or Enter, or press ? or * to list all spells.
Your hound bites the gnoll sergeant but does no damage.
Something hits your crimson imp.
The gnoll sergeant hits you from afar with a +0 spear!
Your crimson imp hits the gnoll sergeant but does no damage.
Your hound bites the gnoll sergeant.
Your hound bites the gnoll sergeant.
Something barely misses your crimson imp.
The gnoll sergeant hits you with a +0 spear!
Your crimson imp hits the gnoll sergeant but does no damage.
You strike the helpless gnoll sergeant from behind!
You hit the gnoll sergeant but do no damage.
The gnoll sergeant is lightly wounded.
Your hound bites the gnoll sergeant but does no damage.
Something closely misses your crimson imp.
The gnoll sergeant hits you with a +0 spear!
* * * LOW HITPOINT WARNING * * *
Your crimson imp hits the gnoll sergeant but does no damage.
Your hound barely misses the gnoll sergeant.
The gnoll misses your crimson imp.
Your hound bites the gnoll sergeant.
Something misses your crimson imp.
The gnoll sergeant hits you from afar with a +0 spear.
* * * LOW HITPOINT WARNING * * *
Your crimson imp hits the gnoll sergeant.
Your hound closely misses the gnoll sergeant.
The gnoll barely misses your crimson imp.
Something closely misses your crimson imp.
Your hound barely misses the gnoll sergeant.
There is a stone staircase leading up, spattered with blood here.
Okay, then.
Your hound bites the gnoll sergeant but does no damage.
The gnoll closely misses your crimson imp.
The gnoll sergeant hits you from afar with a +0 spear.
You die...

. ###..# #..## #.# ..
....# #..## #.# .. ...#
#...# ..#######..#
##..##### ....g......#
#......# #.######.$#
##.###.# ###........#
#.# #.# .#.######..#
###.###>#
#.######...###g.@....#
#.........ggg5h#.#####
............g###.#
#######.....####.## #
##...####...#####
##..###..........
##########.##...........
#..................#####
.......#...........#


You could see a gnoll sergeant (ally target), 4 gnolls, a friendly hound
(summoned) and a friendly crimson imp (summoned).

Vanquished Creatures
  A centaur zombie (D:5)
  2 hounds
  An iguana (D:4)
  A hound skeleton (D:4)
  An adder skeleton (D:4)
  3 dart slugs
  An orc (D:3)
  2 bats (D:1)
  2 endoplasms
  A giant cockroach (D:4)
  3 goblins
  3 hobgoblins
  5 jackals
  A kobold (D:2)
  3 quokkas
  2 ball pythons (D:1)
  A rat (D:3)
33 creatures vanquished.

Vanquished Creatures (collateral kills)
  A scorpion (D:4)
  A hound (D:4)
  2 orc wizards (D:4)
  An adder (D:3)
  An ufetubus (D:5)
  2 orcs (D:4)
  A ball python (D:3)
  2 bats
  2 endoplasms (D:1)
  A goblin (D:2)
  A hobgoblin (D:3)
  3 jackals
  2 kobolds
  2 quokkas
  2 rats
24 creatures vanquished.

Grand Total: 57 creatures vanquished

Notes
Turn   | Place    | Note
-------+----------+-------------------------------------------
     0 | D:1      | kae the Vine Stalker Summoner began the quest for the Orb.
     0 | D:1      | Reached XP level 1. HP: 9/9 MP: 4/4
    85 | D:1      | Found a faded altar of an unknown god.
   167 | D:1      | Reached XP level 2. HP: 14/14 MP: 4/6
   355 | D:1      | Found Iwe Ybb's Weapon Shoppe.
  1262 | D:2      | Reached XP level 3. HP: 17/17 MP: 5/7
  1288 | D:2      | Reached skill level 1 in Fighting
  1291 | D:2      | Learned a level 2 spell: Call Imp
  1295 | D:2      | Learned a level 3 spell: Call Canine Familiar
  2213 | D:3      | Found a snail-covered altar of Cheibriados.
  3033 | D:4      | Found a white marble altar of Elyvilon.
  3092 | D:4      | Found a shimmering altar of Xom.
  3092 | D:4      | Found a basalt altar of Yredelemnul.
  3128 | D:4      | Gained mutation: Your natural rate of healing is unusually
                  | fast. [Vine Stalker growth]
  3128 | D:4      | Reached XP level 4. HP: 20/22 MP: 5/9
  3243 | D:4      | Reached skill level 5 in Summonings
  3262 | D:4      | Found an opulent altar of Gozag.
  3273 | D:4      | Reached XP level 5. HP: 26/26 MP: 10/10
  3295 | D:4      | Found a blossoming altar of Fedhas.
  3770 | D:4      | Reached XP level 6. HP: 28/30 MP: 8/12
  3797 | D:4      | Found Acirph's Distillery.
  3812 | D:4      | Bought a potion of invisibility for 96 gold pieces
  3812 | D:4      | Bought a potion of lignification for 36 gold pieces
  3880 | D:4      | Found a staircase to the Ecumenical Temple.
  4044 | Temple   | Entered the Ecumenical Temple
  4276 | Temple   | Became a worshipper of Ashenzari the Shackled
  4328 | D:5      | Entered Level 5 of the Dungeon
  4331 | D:5      | Identified a scroll of acquirement
  4331 | D:5      | Acquired 741 gold pieces
  4365 | D:5      | Noticed an angel
  4366 | D:5      | Found a glowing silver altar of Zin.
  4520 | D:4      | Reached skill level 6 in Summonings
  4837 | D:5      | HP: 1/32 [gnoll sergeant (4)]
  4839 | D:5      | Slain by a gnoll sergeant

Illustrated notes

Levels and vault maps discovered:
D:1:      minmay_arrival_semitransparent, layout_basic, serial_shops,
          nicolae_shop_crystal, ebering_ecumenical_altar_mist
D:2:      layout_basic
D:3:      layout_basic, kennysheep_slug_shrine
D:4:      layout_rooms, grunt_temple_overflow_open, jmf_multi_god_temple,
          minmay_temple_entry_glassed_door, serial_shops, nicolae_shop_trees
D:5:      layout_loops_ring, zin_angel, corexii_checkpoint_a
Temple:   eino_temple_water

Skill      XL: |  1  2  3  4  5  6 |
---------------+-------------------+-----
Fighting       | 1 2 |  2.7
Spellcasting   | 3 |  3.8
Summonings     | 5 6 |  6.1
Dodging        | |  1.5
Stealth        | |  2.4

Action                   |  1- 3 |  4- 6 || total
-------------------------+-------+-------++-------
Melee: Whip              |    84 |    81 ||   165
       Bite              |    17 |    18 ||    35
 Cast: Summon Small Mamm |    14 |     7 ||    21
       Call Imp          |    11 |    13 ||    24
       Call Canine Famil |       |     3 ||     3
  Use: Scroll            |     3 |     3 ||     6
 Stab: Distracted        |       |     3 ||     3
       Sleeping          |       |     1 ||     1
Armor: Robe              |    16 |    30 ||    46
Dodge: Dodged            |    88 |   101 ||   189

Table legend: (Time is in decaauts)
 A = Elapsed time spent in this place.
 B = Non-inter-level travel time spent in this place.
 C = Inter-level travel time spent in this place.
 D = Time resting spent in this place.
 E = Time spent auto-exploring this place.
 F = Levels seen in this place.
 G = Mean time per level.
                   A        B        C        D        E       F      G
               +--------+--------+--------+--------+--------+-----+--------+
         Total |   4861 |   4528 |    333 |    465 |   3397 |   6 |  810.2 |
       Dungeon |   4618 |   4323 |    295 |    465 |   3205 |   5 |  923.6 |
        Temple |    242 |    205 |     37 |      0 |    192 |   1 |  242.0 |
               +--------+--------+--------+--------+--------+-----+--------+

Top non-repeatable levels by time:
     D:3: 1166 daAuts
     D:1: 1091 daAuts
     D:2: 1053 daAuts
     D:4: 973 daAuts
     D:5: 334 daAuts
  Temple: 242 daAuts
